 Dungeon Crawl Stone Soup version 0.30.0-18-gc0e69614cb (webtiles) character file.

Game seed: 11295132970368426154

1259 NateTC the Magician (level 8, -2/59 HPs)
             Began as a Djinni Ice Elementalist on May 24, 2023.
             Was a Follower of Cheibriados.
             Engulfed by a cloud of freezing vapour (33 damage)
             ... on level 5 of the Dungeon on May 25, 2023.
             The game lasted 00:13:28 (4157 turns).

NateTC the Magician (Djinni Ice Elementalist)       Turns: 4157, Time: 00:13:28

Health: -2/59      AC:  8    Str: 10    XL:     8   Next: 81%
Gold:   141        EV: 12    Int: 26    God:    Cheibriados [*.....] SH:  0 Dex: 17

rFire   + + +        r - +9 morningstar of the Protecting Tiger {flame, rF+ Int+4}
rCold   x . .        (no shield)
rNeg    + . .        a - +1 robe
rPois   ∞            (no helmet)
rElec   .            u - scarf {shadows}
rCorr   .            k - +0 pair of gloves
SInv    .            (boots unavailable)
Will    .....        (no amulet)
Stlth   ++           c - +4 ring of protection
HPRegen 0.29/turn    i - ring of positive energy
MPRegen 0.00/turn

%: infuse magic (-3 HP)
@: flying, very slow
A: sickness immunity, fire resistance 2, cold vulnerability 1, float, innate
caster, HP casting, extra vitality 1
a: Renounce Religion, Bend Time


You were on level 5 of the Dungeon.
You worshipped Cheibriados.
Cheibriados was aware of your devotion.
You visited 1 branch of the dungeon, and saw 5 of its levels.

You collected 141 gold pieces.

Inventory:

Hand Weapons
 r - the +9 morningstar of the Protecting Tiger (weapon) {flame, rF+ Int+4}
   (You found it on level 4 of the Dungeon)

   Int:       It affects your intelligence (+4).
   rF:        It protects you from fire.
Armour
 a - a +1 robe (worn)
 k - a +0 pair of gloves (worn)
 u - a scarf of shadows (worn)
Jewellery
 c - a +4 ring of protection (left hand)
 i - a ring of positive energy (right hand)
Scrolls
 d - 4 scrolls of teleportation
 g - a scroll of poison
 o - a scroll of fear
 q - a scroll of enchant armour
 s - a scroll of butterflies
 t - a scroll of identify
Potions
 b - a potion of heal wounds
 e - a potion of ambrosia
 f - a potion of invisibility
 h - a potion of lignification
 j - a potion of might
 l - a potion of mutation
 m - 5 potions of curing
 n - a potion of brilliance {unknown}
 p - a potion of attraction {unknown}


   Skills:
 - Level 5.0 Fighting
 - Level 2.1 Dodging
 - Level 1.5 Stealth
 * Level 7.2 Spellcasting
 + Level 1.3 Invocations


You knew the following spells:

 Your Spells              Type           Power      Damage    Failure   Level
a - Freeze                Ice            100%       1d10      1%          1
b - Frozen Ramparts       Ice            94%        1d15      1%          3
c - Ozocubu's Armour      Ice            47%        N/A       1%          3
d - Summon Ice Beast      Ice/Summ       47%        N/A       3%          4
e - Sandblast             Erth           94%        2d19      1%          1
f - Momentum Strike       Conj/Tloc      94%        3d10      1%          2
g - Teleport Other        Tloc           47%        N/A       1%          3
Your spell library was empty.

Dungeon Overview and Level Annotations

Branches:
Dungeon (5/15) Zot: 39028
 Temple: D:4-7

Altars:
Cheibriados
Uskayaw
Yredelemnul

Annotations:
D:4 2 transporters


Innate Abilities, Weirdness & Mutations

You are immune to sickness and miasma.
You are immune to poison.
Your flesh is very heat resistant. (rF++)
You are vulnerable to cold. (rC-)
You float through the air rather than walking.
You learn spells naturally, not from books.
Your magical power is your life essence.
You have superior vitality. (+4 MHP)


Message History

The arrow closely misses you.
Casting: Freeze (safe; 1% risk of failure)
Confirm with . or Enter, or press ? or * to list all spells.
Casting: Frozen Ramparts (safe; 1% risk of failure)
Press: ? - help, Dir - look around, f - activate The walls around you are covered in ice.
The centaur shoots an arrow.
The arrow hits you!
The wall freezes the centaur.
The centaur shoots an arrow.
The arrow hits you!
The wall freezes the centaur.
The centaur shoots an arrow.
The arrow closely misses you.
The wall freezes the centaur but does no damage.
The centaur shoots an arrow.
The arrow hits you but does no damage.
The wall freezes the centaur!
The centaur shoots an arrow.
The arrow barely misses you.
The wall freezes the centaur.
The centaur shoots an arrow.
The arrow hits you!
The wall freezes the centaur.
You kill the centaur!
Cheibriados thoroughly appreciates the change of pace.
Your Invocations skill increases to level 1!
The frozen ramparts melt away as you move.
You start resting.
HP restored.
You now have 141 gold pieces (gained 5).
You see here a +0 shortbow.
Found a club.
Found a book of Iron and a robe.
Found 20 gold pieces.
Found a scroll of teleportation and a wand of flame (7).
Found a potion of curing.
m - 5 potions of curing (gained 1) As you open the door, it creaks loudly!
There is an open door here.
Really fly into a travel-excluded area?
You are engulfed in freezing vapours.
You are engulfed in freezing vapours.
* * * LOW HITPOINT WARNING * * *
Okay, then.
You feel much better.
You are engulfed in freezing vapours.
Ouch! That really hurt!
You die...

.# .# #.#.##
.#########
#.#.#○###.
.........#.#.#.#○#..
########.#
..#.#○#.###.#
#.#####.#○#.......
#)....#.#○#........
#..##.#?#○#........
#..##.#:#@#........
#..##.#$#○#........
#..##.#?#.'.......#
#.[##.#/#.#.......#
#..##.######......#
#..............#
#####..#.......#
#..#.......#
#..#.#####.#


There were no monsters in sight!

Vanquished Creatures
  Pikel (D:4)
  A black bear (D:4)
  2 centaurs
  A scorpion (D:4)
  A hound (D:4)
  3 jellies
  An orc priest (D:4)
  3 iguanas
  An orc wizard (D:4)
  A scorpion zombie (D:3)
  3 adders
  An adder zombie (D:3)
  2 worms
  4 dart slugs
  16 orcs
  14 endoplasms
  3 giant cockroaches
  6 goblins
  6 hobgoblins
  4 jackals
  6 quokkas
  7 ball pythons
  A ball python zombie (D:3)
  5 bats
  2 frilled lizards (D:1)
  A jackal zombie (D:3)
  13 kobolds
  10 rats
119 creatures vanquished.

Vanquished Creatures (collateral kills)
  A worm (D:5)
  2 orcs (D:5)
  2 jackals (D:5)
  A kobold (D:4)
6 creatures vanquished.

Grand Total: 125 creatures vanquished

Notes
Turn   | Place    | Note
-------+----------+-------------------------------------------
     0 | D:1      | NateTC the Djinni Ice Elementalist began the quest for the
                  | Orb.
     0 | D:1      | NateTC set off with the following spells memorised: Freeze,
                  | Frozen Ramparts, Ozocubu's Armour, Summon Ice Beast.
     0 | D:1      | Reached XP level 1. HP: 15/15 MP: 0/0
   104 | D:1      | Reached XP level 2. HP: 19/22 MP: 0/0
   237 | D:1      | Reached skill level 1 in Fighting
   360 | D:1      | Reached XP level 3. HP: 20/27 MP: 0/0
   360 | D:1      | Learned a level 1 spell: Sandblast
   957 | D:2      | Reached skill level 4 in Spellcasting
   957 | D:2      | Reached XP level 4. HP: 30/32 MP: 0/0
  1993 | D:3      | Found a basalt altar of Yredelemnul.
  2007 | D:3      | Reached XP level 5. HP: 25/38 MP: 0/0
  2007 | D:3      | Learned a level 2 spell: Momentum Strike
  2541 | D:4      | Found a transporter.
  2547 | D:4      | Noticed a black bear
  2559 | D:4      | Killed a black bear
  2560 | D:4      | Reached XP level 6. HP: 29/45 MP: 0/0
  2657 | D:4      | Noticed Pikel
  2666 | D:4      | Killed Pikel
  2667 | D:4      | Reached skill level 6 in Spellcasting
  2667 | D:4      | Reached XP level 7. HP: 25/53 MP: 0/0
  2667 | D:4      | Learned a level 3 spell: Teleport Other
  2672 | D:4      | Reached XP level 8. HP: 22/58 MP: 0/0
  2992 | D:4      | Found a snail-covered altar of Cheibriados.
  3096 | D:4      | Became a worshipper of Cheibriados the Contemplative
  3136 | D:4      | Found a transporter.
  3267 | D:4      | Found a large runed translucent door.
  3267 | D:4      | Found a large runed translucent door.
  3277 | D:4      | Found a large runed translucent door.
  3277 | D:4      | Found a large runed translucent door.
  3281 | D:4      | Identified the +9 morningstar of the Protecting Tiger
                  | {flame, rF+ Int+4}
  3312 | D:4      | Reached skill level 5 in Fighting
  3477 | D:4      | Reached * piety under Cheibriados
  3736 | D:5      | Entered Level 5 of the Dungeon
  3775 | D:5      | Reached skill level 7 in Spellcasting
  3868 | D:5      | Found a hide-covered altar of Uskayaw.
  3985 | D:5      | Reached skill level 1 in Invocations
  4157 | D:5      | Engulfed by a cloud of freezing vapour

Illustrated notes

Levels and vault maps discovered:
D:1:      wander_arrival_fairy_ring, layout_rooms, serial_glass,
          glass_columns_b, glass_columns_c, glass_columns_b, glass_columns_a,
          glass_columns_b, glass_columns_b, glass_columns_a, glass_columns_a,
          glass_columns_c, glass_columns_c, glass_columns_a, glass_columns_a,
          glass_columns_a, glass_columns_b, minmay_pentomino_q2
D:2:      wad_pebble_path, layout_loops_corners, kennysheep_generic_room_15
D:3:      layout_rooms, nicolae_yredelemnul_corpse_copse, kennysheep_minor_cross
D:4:      gammafunk_steamed_eel, layout_loops_ring, led_sif_pool,
          kennysheep_little_box, minmay_hollow_rounded_squares, uniq_pikel
D:5:      lemuel_ice_spiral_2, layout_basic,
          mainiacjoe_overflow_small_starburst, mainiacjoe_overflow_alcove_4,
          kennysheep_generic_room_16

Skill      XL: |  1  2  3  4  5  6  7  8 |
---------------+-------------------------+-----
Fighting       | 1 2 4 5 |  5.0
Spellcasting   | 4 6 7 |  7.2
Invocations    | 1 |  1.3
Dodging        | |  2.1
Stealth        | |  1.5

Action                     |  1- 3 |  4- 6 |  7- 9 || total
---------------------------+-------+-------+-------++-------
  Melee: Unarmed           |     7 |     2 |     1 ||    10
         Morningstar       |       |       |     2 ||     2
   Cast: Freeze            |    59 |    59 |    18 ||   136
         Sandblast         |       |     8 |    22 ||    30
         Frozen Ramparts   |       |    15 |    20 ||    35
         Ozocubu's Armour  |       |     5 |       ||     5
         Momentum Strike   |       |     4 |       ||     4
         Summon Ice Beast  |       |       |     4 ||     4
    Use: Scroll            |     9 |     6 |     1 ||    16
         Potion            |       |     1 |     1 ||     2
 Armour: Robe              |    11 |    19 |    17 ||    47
  Dodge: Dodged            |    36 |    44 |    39 ||   119
